[Event "Titled Tuesday Blitz July 4 Early 2023"]
[White "Turzo, Attila"]
[Black "CarolinaLujan"]
[WhiteFideId "704954"]
[WhiteElo "2539"]
[BlackElo "2271"]
[Result "1-0"]
[Round "3"]
[TimeControl "180+2"]
[Date "2023.07.04"]
[WhiteClock "0:00:08"]
[BlackClock "0:00:28"]
[Board "153"]

1. d4 Nf6 2. c4 g6 3. g3 d5 4. cxd5 Nxd5 5. Bg2 Bg7 6. e4 Nb6 7. Ne2 O-O 8. O-O Nc6 9. d5 Na5 10. Nbc3 c6 11. h3 cxd5 12. exd5 Nac4 13. Qb3 Bd7 14. a4 Nd6 15. Rd1 Qc8 16. Kh2 h5 17. Bg5 Re8 18. Rac1 Qb8 19. Bf4 h4 20. Nd4 hxg3+ 21. fxg3 Qd8 22. Ncb5 Bxb5 23. Nxb5 Nxb5 24. Qxb5 Rc8 25. a5 Qd7 26. Qb4 Rxc1 27. Bxc1 Qa4 28. Qxa4 Nxa4 29. b3 Nc3 30. Rd3 Rd8 31. Ba3 Rd7 32. d6 exd6 33. Rxd6 Rxd6 34. Bxd6 Nb5 35. Bc5 Bc3 36. b4 b6 37. axb6 axb6 38. Bxb6 Bxb4 39. h4 Bd6 40. Kh3 Nc3 41. Bf3 Kh7 42. Bd4 Nb5 43. Bf6 Nc7 44. g4 Ne6 45. h5 Nf4+ 46. Kh4 gxh5 47. gxh5 Ne6 48. Be4+ Kg8 49. h6 Nf8 50. Kh5 Nh7 51. Bg7 Be7 52. Bf5 Bf6 53. Bxh7+ Kxh7 54. Bxf6 Kg8 55. Kg5 Kh7 56. Bg7 Kg8 57. Kf6 Kh7 58. Bf8 Kg8 59. Ke7 f5 60. Bg7 f4 61. Kf6 Kh7 62. Kg5 f3 63. Bd4 Kg8 64. Kg6 f2 65. h7+ Kf8 66. h8=Q+ Ke7 67. Qf6+ Kd7 68. Qxf2 Kc7 69. Qf5 Kb7 70. Qe6 Ka8 71. Qd7 Kb8 72. Bb6 Ka8 73. Qa7# 1-0


[Site "https://www.chess.com"]

[Event "Titled Tuesday Blitz July 4 Early 2023"]
[White "Kohler, Aran"]
[Black "Lana Rodriguez, David"]
[WhiteFideId "1002856"]
[BlackFideId "2270803"]
[WhiteElo "2270"]
[BlackElo "2539"]
[Result "0-1"]
[Round "3"]
[TimeControl "180+2"]
[Date "2023.07.04"]
[WhiteClock "0:00:00"]
[BlackClock "0:01:32"]
[Board "154"]

1. d4 Nf6 2. Nf3 e6 3. Bg5 c5 4. c3 Nc6 5. e3 d5 6. Nbd2 Bd6 7. Bb5 O-O 8. O-O Qb6 9. Bxc6 bxc6 10. Bxf6 gxf6 11. b3 cxd4 12. exd4 Re8 13. c4 Bf8 14. c5 Qb4 15. Qc2 Bg7 16. a3 Qb8 17. b4 a5 18. Rab1 Ba6 19. Rfe1 axb4 20. Rxb4 Qc7 21. a4 Reb8 22. Reb1 Rxb4 23. Rxb4 f5 24. g3 Bf6 25. Qb2 Kg7 26. Rb6 Bd3 27. Qb4 Be4 28. Nxe4 fxe4 29. Ne1 e5 30. Nc2 exd4 31. Nxd4 Qa7 32. Nxc6 Qxa4 33. Qxa4 Rxa4 34. Nb4 d4 35. c6 Ra1+ 36. Kg2 Rc1 37. Nd5 Be5 38. c7 Bxc7 39. Nxc7 Rxc7 40. Rd6 d3 41. g4 Rc2 42. Kg3 Re2 43. h4 h6 44. g5 hxg5 45. hxg5 Rb2 46. Rd4 Re2 47. Kf4 d2 48. Kg3 Kg6 49. Kg4 Rxf2 50. Rd6+ Kg7 51. Kg3 e3 52. Rd3 Re2 53. Kf3 Re1 0-1


[Site "https://www.chess.com"]

[Event "Titled Tuesday Blitz July 4 Early 2023"]
[White "Xavier_mompel"]
[Black "David, Bogdan-Emanuel"]
[BlackFideId "1229907"]
[WhiteElo "2247"]
[BlackElo "2537"]
[Result "0-1"]
[Round "3"]
[TimeControl "180+2"]
[Date "2023.07.04"]
[WhiteClock "0:00:00"]
[BlackClock "0:00:16"]
[Board "155"]

1. e4 c5 2. Nf3 Nc6 3. d4 cxd4 4. Nxd4 e5 5. Nb5 d6 6. N1c3 a6 7. Na3 b5 8. Nd5 Nge7 9. Bg5 h6 10. Bh4 Qa5+ 11. c3 Nxd5 12. Qxd5 Bb7 13. Nc2 Qc7 14. Qd3 Be7 15. Bxe7 Nxe7 16. O-O-O d5 17. exd5 Nxd5 18. Qg3 O-O 19. f3 Rac8 20. Qf2 Qa5 21. Bd3 Qxa2 22. Be4 Rfd8 23. Rhe1 Nxc3 24. Rxd8+ Rxd8 25. bxc3 Bc8 26. Qb6 Re8 27. Rd1 Qe6 28. Qxe6 Bxe6 29. Nb4 a5 30. Nc6 a4 31. Rd8 Kf8 32. Rxe8+ Kxe8 33. Nxe5 f6 34. Bc6+ Ke7 35. Ng6+ Kf7 36. Nf4 Bc4 37. Kb2 Ke7 38. Ka3 Kd6 39. Be8 Kc5 40. Bg6 Bf1 41. Be4 g5 42. Ne6+ Kd6 43. Nd4 Kc5 44. Kb2 Kc4 45. Bc6 Kc5 46. Bxb5 Bxb5 47. Nxb5 Kxb5 0-1


[Site "https://www.chess.com"]

[Event "Titled Tuesday Blitz July 4 Early 2023"]
[White "tomobeast"]
[Black "Osmak, Yuliia"]
[BlackFideId "14101602"]
[WhiteElo "2243"]
[BlackElo "2537"]
[Result "0-1"]
[Round "3"]
[TimeControl "180+2"]
[Date "2023.07.04"]
[WhiteClock "0:00:00"]
[BlackClock "0:00:14"]
[Board "156"]

1. e4 e6 2. d4 d5 3. Nc3 Bb4 4. e5 Ne7 5. a3 Bxc3+ 6. bxc3 c5 7. h4 Qc7 8. h5 h6 9. Rb1 b6 10. Qg4 cxd4 11. Qxg7 Rg8 12. Qxh6 Qxc3+ 13. Qd2 Ba6 14. Nf3 Bxf1 15. Kxf1 Nbc6 16. h6 Qxd2 17. Bxd2 O-O-O 18. h7 Rh8 19. Bg5 Ng6 20. Bf6 Rde8 21. Rh6 Rhf8 22. Re1 Kd7 23. Ke2 Ra8 24. Reh1 Nh8 25. Bg7 Rfe8 26. Kd3 Rac8 27. Ng5 Na5 28. Bxh8 Rxh8 29. Nxf7 Nc4 30. Nxh8 Rxh8 31. Rg6 Nxe5+ 32. Kxd4 Nxg6 33. Rh6 Nf8 34. Ke5 Rxh7 35. Rf6 Ke7 36. g4 Nd7+ 0-1


[Site "https://www.chess.com"]

[Event "Titled Tuesday Blitz July 4 Early 2023"]
[White "Tsyhanchuk, Stanislav"]
[Black "Tikhonov, Viacheslav"]
[WhiteFideId "13505130"]
[BlackFideId "44196407"]
[WhiteElo "2222"]
[BlackElo "2537"]
[Result "0-1"]
[Round "3"]
[TimeControl "180+2"]
[Date "2023.07.04"]
[WhiteClock "0:00:08"]
[BlackClock "0:00:57"]
[Board "157"]

1. c4 e5 2. Nc3 Nf6 3. Nf3 e4 4. Ng5 c6 5. Ngxe4 Nxe4 6. Nxe4 d5 7. cxd5 cxd5 8. Nc3 d4 9. Ne4 Nc6 10. d3 f5 11. Nd2 Bd6 12. g3 O-O 13. Bg2 Kh8 14. O-O Be6 15. Nf3 Be7 16. h4 h6 17. e3 dxe3 18. Bxe3 Qe8 19. d4 Rd8 20. Qc1 Qg6 21. Ne5 Nxe5 22. dxe5 Bd5 23. Bxd5 Rxd5 24. Qc4 Rxe5 25. Kh2 Re4 26. Qc7 Bxh4 27. Qxb7 Bxg3+ 28. fxg3 Rxe3 29. Rf3 Qh5+ 30. Kg2 Re2+ 31. Rf2 Rxf2+ 32. Kxf2 Qh2+ 33. Qg2 Qxg2+ 34. Kxg2 Rb8 35. b3 g5 36. Rf1 Rb5 37. Rc1 Rb7 38. Rc5 Rf7 39. b4 Kg7 40. a4 Kg6 41. a5 Rd7 42. Rc6+ Kh5 43. Rc4 Rd2+ 44. Kf3 Rb2 45. a6 Rb1 46. Rc7 Rb3+ 47. Kf2 Rxb4 48. Rxa7 Ra4 49. Ra8 Kg4 50. a7 Ra2+ 51. Ke1 Kxg3 52. Kd1 f4 53. Ke1 f3 0-1


[Site "https://www.chess.com"]

[Event "Titled Tuesday Blitz July 4 Early 2023"]
[White "Richter, Paul"]
[Black "Kiseleva, Arina"]
[WhiteFideId "2046350"]
[BlackFideId "4164989"]
[WhiteElo "2535"]
[BlackElo "2206"]
[Result "1-0"]
[Round "3"]
[TimeControl "180+2"]
[Date "2023.07.04"]
[WhiteClock "0:00:16"]
[BlackClock "0:00:00"]
[Board "158"]

1. e4 c6 2. Nc3 d5 3. Nf3 dxe4 4. Nxe4 Nf6 5. Qe2 Nxe4 6. Qxe4 Qd5 7. Qh4 Qf5 8. c3 Qf6 9. Qg3 Nd7 10. d4 h6 11. Bc4 e6 12. Bf4 Nb6 13. Bd3 Bd7 14. Ne5 Nd5 15. Bd2 Bd6 16. f4 O-O-O 17. O-O Qe7 18. a4 Rhg8 19. Qf2 Rdf8 20. c4 Nb4 21. Be4 Na6 22. c5 Bc7 23. b4 g5 24. b5 Nb8 25. Qf3 gxf4 26. Bxf4 f5 27. bxc6 fxe4 28. cxd7+ Nxd7 29. Qxe4 Nxe5 30. Bxe5 Bxe5 31. Qxe5 Rg6 32. Rxf8+ Qxf8 33. Rf1 Qg8 34. g3 1-0


[Site "https://www.chess.com"]

[Event "Titled Tuesday Blitz July 4 Early 2023"]
[White "VoicelessFeather"]
[Black "Rodchenkov, Sergey D."]
[BlackFideId "4168712"]
[WhiteElo "2213"]
[BlackElo "2533"]
[Result "0-1"]
[Round "3"]
[TimeControl "180+2"]
[Date "2023.07.04"]
[WhiteClock "0:00:04"]
[BlackClock "0:00:31"]
[Board "159"]

1. e4 c5 2. Nf3 d6 3. Bb5+ Nd7 4. c3 Nf6 5. Bd3 a6 6. O-O b5 7. Bc2 e6 8. d4 Be7 9. Re1 Bb7 10. Nbd2 O-O 11. a4 Rc8 12. Nf1 b4 13. Ng3 bxc3 14. bxc3 cxd4 15. cxd4 d5 16. e5 Ne4 17. Nxe4 dxe4 18. Bxe4 Bxe4 19. Rxe4 Nb6 20. Ba3 Bxa3 21. Rxa3 Nd5 22. Re1 Rc4 23. Qd3 Rc6 24. h4 h6 25. Rb3 Qa5 26. Ra1 Rfc8 27. Rbb1 Rc4 28. Nd2 Rc3 29. Qe4 Rc2 30. Nb3 Qc3 31. Nc5 Rd2 32. Qe1 Rxd4 33. Qxc3 Nxc3 34. Nb3 Rb4 35. Rb2 Rcb8 36. Ra3 Nxa4 37. Rd2 Nc3 38. Na5 Nb1 39. Nc6 Nxd2 40. Nxb8 Rxb8 0-1


[Site "https://www.chess.com"]

[Event "Titled Tuesday Blitz July 4 Early 2023"]
[White "Fernandez Hernandez, Gerardo"]
[Black "Trifan, Andrei Ioan"]
[WhiteFideId "2207400"]
[BlackFideId "12967068"]
[WhiteElo "2206"]
[BlackElo "2532"]
[Result "0-1"]
[Round "3"]
[TimeControl "180+2"]
[Date "2023.07.04"]
[WhiteClock "0:00:00"]
[BlackClock "0:00:19"]
[Board "160"]

1. e4 e5 2. Bc4 Nf6 3. d3 Bc5 4. Nc3 a6 5. f4 d6 6. Nf3 Nc6 7. f5 h6 8. Qe2 b5 9. Bb3 Na5 10. Be3 Bxe3 11. Qxe3 c5 12. Bd5 Nxd5 13. Nxd5 Bb7 14. c3 Bxd5 15. exd5 O-O 16. O-O Qf6 17. Nd2 Qg5 18. Qxg5 hxg5 19. Ne4 f6 20. Nxd6 Rad8 21. Ne4 Rxd5 22. Rf3 Rfd8 23. Nf2 c4 24. Rd1 Nc6 25. Kf1 e4 26. Nxe4 Ne5 27. Re3 Nxd3 28. g4 Re5 29. Rd2 Rde8 30. Rde2 Nc1 31. Re1 Nd3 32. R1e2 Kf8 33. b3 Nf4 34. Re1 Nd5 35. R3e2 cxb3 36. axb3 Nf4 37. Re3 a5 0-1


[Site "https://www.chess.com"]

[Event "Titled Tuesday Blitz July 4 Early 2023"]
[White "Lisjak, Zlatko"]
[Black "ElDivis"]
[WhiteFideId "14502186"]
[WhiteElo "2131"]
[BlackElo "2531"]
[Result "0-1"]
[Round "3"]
[TimeControl "180+2"]
[Date "2023.07.04"]
[WhiteClock "0:00:00"]
[BlackClock "0:00:07"]
[Board "161"]

1. d4 Nf6 2. Nc3 d5 3. Bf4 e6 4. e3 Bb4 5. Ne2 O-O 6. a3 Be7 7. Qd2 c5 8. g4 Nxg4 9. Rg1 f5 10. h3 Nf6 11. dxc5 Bxc5 12. O-O-O Nc6 13. Na4 Be7 14. Nd4 Ne4 15. Qe1 Nxd4 16. exd4 Bh4 17. Rg2 Bd7 18. Nc5 b6 19. Nxe4 fxe4 20. Be5 Rf7 21. Qe3 Qf8 22. Rd2 Bf6 23. Qg3 Bxe5 24. Qxe5 Rc8 25. Kb1 Rf6 26. Be2 Rf5 27. Qg3 Rf4 28. Bg4 Qf6 29. h4 Rf8 30. Ka2 Bb5 31. h5 Bf1 32. Rg1 Rxf2 33. h6 g6 34. Bxe6+ Kh8 35. Rxf2 Qxf2 36. Qe5+ Rf6 0-1


[Site "https://www.chess.com"]

[Event "Titled Tuesday Blitz July 4 Early 2023"]
[White "Sreyas Payyappat"]
[Black "Singgih, Diajeng Theresa"]
[WhiteFideId "46674969"]
[BlackFideId "7104391"]
[WhiteElo "2531"]
[BlackElo "2123"]
[Result "1-0"]
[Round "3"]
[TimeControl "180+2"]
[Date "2023.07.04"]
[WhiteClock "0:01:35"]
[BlackClock "0:00:00"]
[Board "162"]

1. e4 e5 2. Nf3 Nc6 3. Bc4 Bc5 4. c3 Nf6 5. d4 exd4 6. e5 d5 7. Bb5 Ne4 8. cxd4 Bb6 9. Nc3 O-O 10. Be3 Ne7 11. Bd3 Bf5 12. Qc2 Nxc3 13. Bxf5 Nxf5 14. Qxf5 Ne4 15. h4 Ba5+ 16. Ke2 Qe8 17. Ng5 Qb5+ 18. Kf3 g6 19. Qf4 Qd3 20. Nxe4 dxe4+ 21. Qxe4 Qb5 22. h5 f5 23. Qf4 Qd5+ 24. Kg3 g5 25. Qxg5+ Kh8 26. Kh4 f4 27. Bxf4 Qxd4 28. g3 Bd2 29. Rad1 Rxf4+ 30. gxf4 Qxf2+ 31. Qg3 Qxg3+ 32. Kxg3 Rg8+ 33. Kf3 Ba5 34. Rd7 Rf8 35. h6 b5 36. Rg1 Bb6 37. Rgg7 1-0


[Site "https://www.chess.com"]

[Event "Titled Tuesday Blitz July 4 Early 2023"]
[White "Bethke, Richard"]
[Black "Sailer, Mike"]
[WhiteFideId "12959243"]
[BlackFideId "2012901"]
[WhiteElo "2531"]
[BlackElo "2096"]
[Result "1-0"]
[Round "3"]
[TimeControl "180+2"]
[Date "2023.07.04"]
[WhiteClock "0:01:36"]
[BlackClock "0:00:00"]
[Board "163"]

1. e4 d5 2. exd5 Qxd5 3. Nc3 Qd6 4. Bc4 Nf6 5. d3 Nc6 6. h3 Bf5 7. Nf3 e6 8. Be3 a6 9. Qe2 h6 10. O-O-O O-O-O 11. Ne4 Qb4 12. Nxf6 gxf6 13. Bd2 Qd6 14. Bc3 Be7 15. Kb1 Rdg8 16. g4 Bg6 17. Nh4 h5 18. Nxg6 Rxg6 19. a3 Kb8 20. Rdg1 Rhg8 21. Rg3 Qf4 22. Rhg1 h4 23. Re3 Qh2 24. Re1 Bc5 25. Rf3 Bd4 26. Bd2 Qd6 27. c3 Be5 28. d4 Bh2 29. Rh1 R6g7 30. Rxf6 Ne7 31. Bxe6 fxe6 32. Rxe6 1-0


[Site "https://www.chess.com"]

[Event "Titled Tuesday Blitz July 4 Early 2023"]
[White "Droin, Augustin"]
[Black "Floresvillar Gonzalez, Luis Migu"]
[WhiteFideId "45105987"]
[BlackFideId "5100542"]
[WhiteElo "2530"]
[BlackElo "2079"]
[Result "1-0"]
[Round "3"]
[TimeControl "180+2"]
[Date "2023.07.04"]
[WhiteClock "0:01:45"]
[BlackClock "0:00:29"]
[Board "164"]

1. e4 e6 2. d4 d5 3. exd5 exd5 4. Nf3 Bd6 5. c4 dxc4 6. Bxc4 Nf6 7. O-O O-O 8. Nc3 Bg4 9. h3 Bh5 10. g4 Bg6 11. Ne5 Nbd7 12. f4 Bxe5 13. dxe5 Ne4 14. f5 Nxc3 15. bxc3 Nxe5 16. Qxd8 Raxd8 17. Be2 f6 18. fxg6 Nxg6 19. Rb1 b6 20. a4 Rfe8 21. Bc4+ Kh8 22. a5 h6 23. Bf7 Kh7 24. Bxe8 Rxe8 25. Bf4 Nxf4 26. Rxf4 Re3 27. Rc4 Rxh3 28. Kg2 Rd3 29. Rxc7 bxa5 30. Rbb7 h5 31. Rxg7+ Kh6 32. Rh7+ Kg5 33. gxh5 Rxc3 34. Rbg7+ Kf4 35. Rxa7 Rc2+ 36. Kf1 Rc1+ 37. Ke2 Rc2+ 38. Kd3 Rh2 39. Rxa5 f5 40. h6 Rh3+ 41. Kd4 Kg5 42. Rf7 Rxh6 43. Rfxf5+ Kg4 44. Ke4 Re6+ 45. Rae5 Ra6 46. Rf4+ Kg3 47. Rg5+ Kh3 48. Rf8 Ra4+ 49. Kd3 Ra3+ 50. Kc2 Ra2+ 51. Kb3 Ra8 52. Rxa8 1-0


[Site "https://www.chess.com"]

[Event "Titled Tuesday Blitz July 4 Early 2023"]
[White "Goughfather"]
[Black "robertoalejandro10"]
[WhiteElo "2046"]
[BlackElo "2530"]
[Result "0-1"]
[Round "3"]
[TimeControl "180+2"]
[Date "2023.07.04"]
[WhiteClock "0:00:00"]
[BlackClock "0:00:15"]
[Board "165"]

1. d4 Nf6 2. Nc3 c5 3. d5 d6 4. e4 g6 5. Nf3 Bg7 6. Be3 O-O 7. Qd2 b5 8. Bxb5 Qb6 9. Be2 Qxb2 10. Rb1 Nxe4 11. Rxb2 Bxc3 12. Qxc3 Nxc3 13. Bc4 Na4 14. Rb1 Nb6 15. Bb3 N8d7 16. Nd2 Nf6 17. c4 Bf5 18. Rb2 Bd3 19. f3 a5 20. a3 Rfb8 21. Ba2 Na4 22. Rxb8+ Rxb8 23. Kf2 Rb2 24. Bb1 Bxc4 25. Kg3 Bxd5 26. Ne4 Bxe4 27. Bxe4 Nxe4+ 28. fxe4 Rb3 29. Kf3 Nb2 30. Rb1 a4 0-1


[Site "https://www.chess.com"]

[Event "Titled Tuesday Blitz July 4 Early 2023"]
[White "Papayan, Oleg"]
[Black "Skiadopoulos, Nikolaos"]
[WhiteFideId "4193911"]
[BlackFideId "4200772"]
[WhiteElo "2529"]
[BlackElo "1888"]
[Result "1-0"]
[Round "3"]
[TimeControl "180+2"]
[Date "2023.07.04"]
[WhiteClock "0:00:56"]
[BlackClock "0:00:00"]
[Board "166"]

1. e4 c5 2. d4 cxd4 3. Qxd4 Nc6 4. Qd3 g6 5. Nc3 Bg7 6. Nf3 d6 7. Be2 Nf6 8. O-O O-O 9. Nd5 Nxd5 10. exd5 Ne5 11. Nxe5 dxe5 12. c3 Bf5 13. Qb5 Qc7 14. Be3 a6 15. Qb6 Qd7 16. Rfd1 h5 17. c4 h4 18. c5 h3 19. c6 bxc6 20. dxc6 Qe6 21. c7 hxg2 22. Qxe6 Bxe6 23. Bf3 Rac8 24. Bb6 e4 25. Bxe4 Bxb2 26. Rab1 Be5 27. Rbc1 Bf4 28. Rc2 Kg7 29. Rd8 Bxc7 30. Rxc8 Bxh2+ 31. Kxh2 Bxc8 32. Kxg2 e5 33. Rc7 Be6 34. a4 Kf6 35. a5 Kg5 36. Be3+ Kg4 37. Rc6 Re8 38. Rxa6 f5 39. Bf3+ Kh4 40. Ra7 f4 41. Bc5 1-0


[Site "https://www.chess.com"]

[Event "Titled Tuesday Blitz July 4 Early 2023"]
[White "Nan M K Khine Hlyan"]
[Black "Demin, Vladimir"]
[WhiteFideId "13002899"]
[BlackFideId "4167457"]
[WhiteElo "1750"]
[BlackElo "2529"]
[Result "0-1"]
[Round "3"]
[TimeControl "180+2"]
[Date "2023.07.04"]
[WhiteClock "0:02:07"]
[BlackClock "0:02:50"]
[Board "167"]

1. e4 e5 2. Nf3 Nc6 3. Bb5 a6 4. Ba4 Bc5 5. c3 Nge7 6. O-O Ba7 7. d4 Ng6 8. Bxc6 dxc6 9. dxe5 Qxd1 10. Rxd1 Bg4 11. Bf4 Nxf4 12. h3 Nxh3+ 13. gxh3 Bxf3 0-1


[Site "https://www.chess.com"]

[Event "Titled Tuesday Blitz July 4 Early 2023"]
[White "Gyulamiryan-koryun"]
[Black "Brunner, Nicolas"]
[BlackFideId "620246"]
[WhiteElo "1678"]
[BlackElo "2529"]
[Result "1/2-1/2"]
[Round "3"]
[TimeControl "180+2"]
[Date "2023.07.04"]
[WhiteClock "0:00:06"]
[BlackClock "0:00:03"]
[Board "168"]

1. d4 Nf6 2. c4 e6 3. Nf3 b6 4. g3 Ba6 5. Qc2 Bb7 6. Bg2 c5 7. O-O cxd4 8. Nxd4 Bxg2 9. Kxg2 Qc8 10. b3 Qb7+ 11. f3 Be7 12. e4 d6 13. Be3 Nbd7 14. Nc3 O-O 15. Rfd1 a6 16. Rac1 Rfc8 17. Qd3 Bf8 18. Rd2 d5 19. cxd5 exd5 20. Nf5 dxe4 21. fxe4 Rxc3 22. Rxc3 Nxe4 23. Qxd7 Qxd7 24. Rxd7 Nxc3 25. Bxb6 Nxa2 26. Bd4 f6 27. Rc7 Nb4 28. Bc5 Bxc5 29. Rxc5 g6 30. Nd6 Rd8 31. Ne4 f5 32. Ng5 Rd7 33. Rc8+ Kg7 34. h4 h6 35. Ne6+ Kf6 36. Nf4 g5 37. hxg5+ hxg5 38. Ne2 Rd2 39. Kf1 Rd3 40. Rb8 Rxb3 41. Rb6+ Ke5 42. Rb8 a5 43. Rb5+ Ke4 44. Rxa5 Nd3 45. Ra4+ Ke3 46. Nd4 Rb1+ 47. Kg2 Rb2+ 48. Kh3 Nf2+ 49. Kg2 Ng4+ 50. Kg1 Rb1+ 51. Kg2 Rb2+ 52. Kg1 f4 53. gxf4 gxf4 54. Nf5+ Kf3 55. Nd4+ Kg3 56. Nf5+ Kh3 57. Rxf4 Rg2+ 58. Kf1 Nh2+ 59. Ke1 Rg1+ 60. Kd2 Rg2+ 61. Kd3 Ng4 62. Rf3+ Kh2 63. Rf4 Kh3 64. Rf3+ Kh2 65. Ne3 Nxe3 66. Rxe3 Rg3 67. Rxg3 Kxg3 1/2-1/2


[Site "https://www.chess.com"]

[Event "Titled Tuesday Blitz July 4 Early 2023"]
[White "Taboas Rodriguez, Daniel"]
[Black "Demchenko, Anton"]
[WhiteFideId "2208466"]
[BlackFideId "4160258"]
[WhiteElo "2433"]
[BlackElo "2872"]
[Result "0-1"]
[Round "3"]
[TimeControl "180+2"]
[Date "2023.07.04"]
[WhiteClock "0:00:37"]
[BlackClock "0:01:53"]
[Board "169"]

1. d4 Nf6 2. Nf3 d6 3. c4 Nc6 4. d5 Ne5 5. Nxe5 dxe5 6. Nc3 e6 7. e4 Bc5 8. Be2 O-O 9. O-O c6 10. dxc6 bxc6 11. Qxd8 Rxd8 12. Rd1 Bd4 13. Bd2 Rb8 14. b3 Bb7 15. Kf1 c5 16. f3 a6 17. Rac1 Ne8 18. Na4 Bc6 19. Ba5 Rd7 20. Nc3 f5 21. Bd3 Nd6 22. Ke2 Rf7 23. Rf1 h5 24. Rce1 h4 25. Kd2 Rbf8 26. Ke2 Nb7 0-1


[Site "https://www.chess.com"]

[Event "Titled Tuesday Blitz July 4 Early 2023"]
[White "Avazkhonov, Alikhon"]
[Black "Weetik, Vjacheslav"]
[WhiteFideId "14208504"]
[BlackFideId "4153472"]
[WhiteElo "2415"]
[BlackElo "2748"]
[Result "1-0"]
[Round "3"]
[TimeControl "180+2"]
[Date "2023.07.04"]
[WhiteClock "0:00:06"]
[BlackClock "0:00:00"]
[Board "170"]

1. d4 Nf6 2. c4 g6 3. Nc3 Bg7 4. e4 d6 5. f3 O-O 6. Be3 c5 7. Nge2 Nc6 8. d5 Ne5 9. Ng3 e6 10. Qd2 h5 11. Be2 h4 12. Nf1 b5 13. cxb5 exd5 14. exd5 h3 15. g4 a6 16. Ng3 axb5 17. Nxb5 Ba6 18. Nc3 Nc4 19. Bxc4 Bxc4 20. Kf2 Qa5 21. b3 Nxd5 22. bxc4 Nxe3 23. Nge4 Nxc4 24. Qd3 Bd4+ 25. Kg3 Ne5 26. Qd2 d5 27. Nf6+ Kg7 28. Qg5 Rh8 29. Ncxd5 Bxa1 30. Rb1 Bd4 31. Nh5+ Rxh5 32. gxh5 Rh8 33. Qf6+ Kh7 34. hxg6+ 1-0


[Site "https://www.chess.com"]

[Event "Titled Tuesday Blitz July 4 Early 2023"]
[White "Matamoros Franco, Carlos S."]
[Black "Makhmudov, Shukhrat"]
[WhiteFideId "3600017"]
[BlackFideId "14200775"]
[WhiteElo "2651"]
[BlackElo "2390"]
[Result "1-0"]
[Round "3"]
[TimeControl "180+2"]
[Date "2023.07.04"]
[WhiteClock "0:00:30"]
[BlackClock "0:00:10"]
[Board "171"]

1. c4 Nf6 2. g3 g6 3. Bg2 Bg7 4. Nc3 O-O 5. d4 c5 6. dxc5 Na6 7. Nf3 Nxc5 8. O-O d6 9. Be3 Be6 10. b3 Ng4 11. Bd4 Nf6 12. Qd2 Nce4 13. Nxe4 Nxe4 14. Qb2 Bxd4 15. Nxd4 Nc5 16. Nxe6 fxe6 17. b4 Na4 18. Qb3 Qd7 19. Bxb7 Qxb7 20. Qxa4 Qe4 21. Qb3 Qxe2 22. Rae1 Qg4 23. c5 d5 24. Re5 Rab8 25. b5 Qd4 26. Rxe6 Qxc5 27. a4 Rb6 28. Qe3 Qxe3 29. Rxe3 Kf7 30. Rc1 Rd8 31. Rc7 Re6 32. Rxe6 Kxe6 33. Rxa7 d4 34. Kf1 d3 35. Ke1 d2+ 36. Kd1 Kd5 37. Rc7 Kd4 38. b6 Kd3 39. b7 Rb8 40. a5 1-0


[Site "https://www.chess.com"]

[Event "Titled Tuesday Blitz July 4 Early 2023"]
[White "Kamalidenova, Meruert"]
[Black "Saito, Vinicius"]
[WhiteFideId "13712802"]
[BlackFideId "2113384"]
[WhiteElo "2624"]
[BlackElo "2404"]
[Result "1-0"]
[Round "3"]
[TimeControl "180+2"]
[Date "2023.07.04"]
[WhiteClock "0:01:25"]
[BlackClock "0:00:06"]
[Board "172"]

1. d4 Nf6 2. c4 g6 3. Nf3 Bg7 4. Nc3 O-O 5. e4 d6 6. Be2 e5 7. O-O Nc6 8. d5 Ne7 9. b4 a5 10. bxa5 Nh5 11. Re1 Rxa5 12. a4 b6 13. Ra3 Nf4 14. Bxf4 exf4 15. Nb5 h6 16. Nfd4 g5 17. Bg4 Bd7 18. Bxd7 Qxd7 19. h3 Rfa8 20. Nf3 Ng6 21. Nfd4 Bxd4 22. Nxd4 Rxa4 23. Rxa4 Rxa4 24. Nf5 f6 25. Qh5 Qh7 26. Rb1 Kf8 27. c5 dxc5 28. d6 Nh4 29. dxc7 Qxc7 30. Qxh6+ Kg8 31. Qxf6 Nxf5 32. exf5 Rb4 33. Re1 1-0


[Site "https://www.chess.com"]

[Event "Titled Tuesday Blitz July 4 Early 2023"]
[White "Burmakin, Vladimir"]
[Black "Topalov, Aleksandar"]
[WhiteFideId "4105109"]
[BlackFideId "925659"]
[WhiteElo "2623"]
[BlackElo "2366"]
[Result "0-1"]
[Round "3"]
[TimeControl "180+2"]
[Date "2023.07.04"]
[WhiteClock "0:01:02"]
[BlackClock "0:00:10"]
[Board "173"]

1. d4 Nf6 2. c4 c5 3. d5 d6 4. Nc3 g6 5. Nf3 Bg7 6. e4 O-O 7. Bd3 Na6 8. O-O Nc7 9. h3 e5 10. dxe6 Nxe6 11. Be3 Nd7 12. Be2 Ne5 13. Qd2 Nxf3+ 14. Bxf3 Nd4 15. Bxd4 cxd4 16. Ne2 Qf6 17. Rab1 Bxh3 18. Rfd1 Be6 19. Nxd4 Bxc4 20. b3 Ba6 21. Nc2 Rad8 22. Nb4 Bb5 23. Qd5 Bc6 24. Nxc6 bxc6 25. Qxc6 Qf4 26. Rd3 Be5 27. g3 Qg5 28. Qd5 h5 29. Be2 h4 30. Kg2 hxg3 31. Rxg3 Qf6 32. Rf3 Qg5+ 33. Rg3 Qf6 34. Rg4 Kg7 35. Rf1 Bf4 36. Bc4 g5 37. Rh1 Rh8 38. Rxh8 Rxh8 39. Qf5 Rh2+ 40. Kf3 Qc3+ 41. Ke2 Qc2+ 42. Ke1 Qxf2+ 43. Kd1 Qd2# 0-1


[Site "https://www.chess.com"]

[Event "Titled Tuesday Blitz July 4 Early 2023"]
[White "cafu1950"]
[Black "Gaal, Zsoka"]
[BlackFideId "777765"]
[WhiteElo "2600"]
[BlackElo "2364"]
[Result "1-0"]
[Round "3"]
[TimeControl "180+2"]
[Date "2023.07.04"]
[WhiteClock "0:02:01"]
[BlackClock "0:00:25"]
[Board "174"]

1. d4 f5 2. Nc3 Nf6 3. g4 Nxg4 4. e4 e5 5. exf5 exd4 6. Qxg4 dxc3 7. Qh5+ g6 8. fxg6 Qe7+ 9. Be2 hxg6 10. Qxg6+ Qf7 11. Qxf7+ Kxf7 12. Bc4+ d5 13. Bxd5+ Kf6 14. bxc3 c6 15. Be4 Nd7 16. Be3 Ne5 17. f4 Ng4 18. Bd4+ Kf7 19. Bxh8 Be7 20. Bd4 Bh4+ 21. Ke2 Be6 22. Nf3 Bc4+ 23. Kd2 Rd8 24. Bd3 Bd5 25. Rhf1 b6 26. Ne5+ Nxe5 27. fxe5+ Ke7 28. Be3 c5 29. c4 Bxc4 30. Rf4 1-0


[Site "https://www.chess.com"]

[Event "Titled Tuesday Blitz July 4 Early 2023"]
[White "Petrova, Irina"]
[Black "Sargsyan, Anna M."]
[WhiteFideId "14124122"]
[BlackFideId "13308130"]
[WhiteElo "2363"]
[BlackElo "2591"]
[Result "0-1"]
[Round "3"]
[TimeControl "180+2"]
[Date "2023.07.04"]
[WhiteClock "0:00:10"]
[BlackClock "0:00:16"]
[Board "175"]

1. e4 c6 2. d4 d5 3. Nc3 dxe4 4. Nxe4 Nd7 5. Nf3 Ngf6 6. Nxf6+ Nxf6 7. Bd3 Bg4 8. c3 e6 9. h3 Bh5 10. Bf4 Bd6 11. Bxd6 Qxd6 12. O-O O-O 13. Be2 Rad8 14. Ne5 Bg6 15. Nxg6 hxg6 16. Qb3 Rd7 17. Bf3 g5 18. Rad1 Qf4 19. Rfe1 Rfd8 20. Qc2 g6 21. Qe2 Kg7 22. Qe5 Rd6 23. Qxf4 gxf4 24. Kf1 g5 25. Re5 Kg6 26. Be2 Nd7 27. Bd3+ Kf6 28. Ree1 Nb6 29. Be2 Nd5 30. Bf3 Ne7 31. Be4 c5 32. Bxb7 Rb6 33. Bf3 Rxb2 34. dxc5 Rc8 35. Rd7 Rxa2 36. Rb1 Rxc5 37. Rbb7 Rxc3 38. Bd1 Rc1 39. Ke1 Raa1 40. Rxe7 Rxd1+ 41. Ke2 a5 42. Rxf7+ Ke5 43. Rb5+ Rd5 44. Rxd5+ exd5 45. Rg7 a4 46. Rxg5+ Ke4 47. f3+ Kd4 48. Rg8 Ra2+ 49. Kf1 a3 50. Ra8 Ra1+ 51. Kf2 a2 52. Ra7 Ke5 53. h4 Kf5 54. Ra5 Ke6 55. h5 d4 56. h6 Kf6 57. Ra6+ Kf7 58. Ra7+ Kg8 59. h7+ Kh8 60. Ke2 Rg1 61. Kd3 a1=Q 62. Rxa1 Rxa1 63. Kxd4 Rg1 64. Ke4 Rxg2 65. Kxf4 Kxh7 66. Kf5 Kg7 67. f4 Kf7 68. Ke5 Rf2 69. Kf5 Rf1 70. Kg5 Ra1 71. Kg4 Kf6 0-1


[Site "https://www.chess.com"]